[Event "*** Titled Tuesday Blitz"]
[Site "Chess.com"]
[Date "2021.03.02"]
[Round "10"]
[White "KruHor"]
[Black "Supernotar"]
[Result "1/2-1/2"]
[WhiteElo "2551"]
[BlackElo "2679"]
[TimeControl "180+1"]
[EndTime "11:58:34 PST"]
[Termination "Game drawn by repetition"]

1. e4 c6 2. d4 d5 3. Nd2 dxe4 4. Nxe4 Bf5 5. Bd3 e6 6. Nf3 Be7 7. Qe2 Nd7 8. Bf4 Bxe4 9. Qxe4 Ngf6 10. Qe2 Nd5 11. Bg3 O-O 12. c3 b5 13. O-O a6 14.
Rad1 Bf6 15. Bb1 g6 16. h4 h5 17. Qe4 Re8 18. Rfe1 Kg7 19. Ne5 Nxe5 20. dxe5 Be7 21. Rd3 Qb6 22. Bf4 Nxf4 23. Qxf4 Rad8 24. Rf3 Rf8 25.
g4 hxg4 26. Qxg4 Rh8 27. Rxf7+ Kxf7 28. Bxg6+ Kf8 29. Qf4+ Kg7 30. Qf7+ Kh6 31. Qxe7 Kxg6 32. Qxe6+ Kh5 33. Qf5+ Kh6 34. Qf6+ Kh7 35. Qf7+ Kh6 36. Qf6+ Kh7 37. Qf7+ Kh6 38. Qf6+ 1/2-1/2

[Event "*** Titled Tuesday Blitz"]
[Site "Chess.com"]
[Date "2021.03.02"]
[Round "10"]
[White "Aygehovit1992"]
[Black "oogee"]
[Result "1-0"]
[WhiteElo "2637"]
[BlackElo "2402"]
[TimeControl "180+1"]
[EndTime "11:58:34 PST"]
[Termination "Aygehovit1992 won by resignation"]

1. e4 c5 2. Nf3 d6 3. d4 cxd4 4.
Nxd4 Nf6 5. Nc3 g6 6. Be3 Bg7 7. f3 Nc6 8. Qd2 O-O 9. O-O-O d5 10. exd5 Nxd5 11. Nxc6 bxc6 12. Bd4 Bxd4 13. Qxd4 Qb6 14. Na4 Qc7 15. Bc4 Nf4 16. Rd2 e5 17. Qc5 Be6 18.
Re1 Rfe8 19. Nc3 Bxc4 20. Qxc4 Kg7 21. Nb5 Qa5 22. Nd6 Re6 23. c3 Rd8 24. Red1 Nd5 25. Nb7 Qb6 26. Nxd8 Qxd8 27. g3 Qg5 28. Qe2 Re7 29. c4 Nb4 30. a3 Na6 31. b4 Nc7 32. Qe4 a5 33. bxa5 Ne6 34. f4 exf4 35. gxf4 Qxa5 36.
Qe5+ Qxe5 37. fxe5 Nc5 38. Re2 Ra7 39. Kb2 Rb7+ 40.
Ka2 Na4 41. Rc1 Rd7 42. c5 Rd3 43. e6 Nc3+ 44. Rxc3 1-0

[Event "*** Titled Tuesday Blitz"]
[Site "Chess.com"]
[Date "2021.03.02"]
[Round "10"]
[White "andriipalchuk"]
[Black "stasiek18"]
[Result "1-0"]
[WhiteElo "2549"]
[BlackElo "2422"]
[TimeControl "180+1"]
[EndTime "11:58:34 PST"]
[Termination "andriipalchuk won on time"]

1. e4 e6 2. d4 d5 3. Nd2 c5 4. exd5 Qxd5 5. dxc5 Bxc5 6. Ngf3 Nf6 7. Bc4 Qd6 8. Qe2 Nc6 9. c3 a6 10. O-O b5 11.
Bb3 Bb7 12. Bc2 O-O 13. Ne4 Nxe4 14. Qxe4 f5 15. Qe2 Rae8 16. Rd1 Qc7 17. Bb3 Kh8 18.
Ng5 Na5 19. Bxe6 Nc4 20. Qh5 g6 21. Qh3 Ne5 22. Bf4 Bxf2+ 23. Kh1 Re7 24. Rd2 Bc5 25. Re1 Ng4 26. Bxc7 Rxc7 27. Qh4 Be7 28. Qg3 Bxg5 29.
Rde2 Bd8 30. h3 Nf6 31. Bb3 Rg7 32. Qe5 Bc7 33. Qd4 1-0

[Event "*** Titled Tuesday Blitz"]
[Site "Chess.com"]
[Date "2021.03.02"]
[Round "10"]
[White "Rondo_Capriccioso"]
[Black "elextranjero00"]
[Result "0-1"]
[WhiteElo "2481"]
[BlackElo "2652"]
[TimeControl "180+1"]
[EndTime "11:58:35 PST"]
[Termination "elextranjero00 won by resignation"]

1. e4 c5 2. Nf3 e6 3. d4 cxd4 4. Nxd4 a6 5. Bd3 Bc5 6. Nb3 Be7 7. Qg4 g6 8. Qe2 d6 9. c4 Nd7 10. Bd2 b6 11. O-O Bb7 12. Nc3 Qc7 13. Rac1 Ngf6 14. Bh6 Ne5 15. h3 Nh5 16. Nd4 Nxd3 17. Qxd3 g5 18.
Nde2 Rg8 19. f4 gxf4 20. Nxf4 Qc5+ 21. Kh2 Qe5 22. Qf3 Ng3 23. Rf2 Nf5 24. exf5 Bxf3 25. Rxf3 O-O-O 26. fxe6 fxe6 27. Kh1 Bg5 28. Bxg5 Qxg5 29.
Rc2 Rde8 30. Ne4 Qe5 31. Re2 Rgf8 32. Nd3 Qd4 33. Rfe3 Rf1+ 34. Kh2 Kb8 35. Ng3 Rd1 36. Nb4 Kb7 37. b3 Rd2 38. Re1 Qf4 39. Rf3 Qxf3 0-1

[Event "*** Titled Tuesday Blitz"]
[Site "Chess.com"]
[Date "2021.03.02"]
[Round "10"]
[White "wonderfultime"]
[Black "Gabix_94"]
[Result "1-0"]
[WhiteElo "2924"]
[BlackElo "2811"]
[TimeControl "180+1"]
[EndTime "11:58:36 PST"]
[Termination "wonderfultime won by resignation"]

1. d4 g6 2. Nf3 Bg7 3. c3 d6 4. Bg5 c6 5. Nbd2 Qc7 6. e4 h6 7.
Bh4 Nd7 8. Bc4 e5 9. O-O Ngf6 10. Re1 O-O 11. Qc2 b5 12. Bf1 Bb7 13. Rad1 Rfe8 14.
Bg3 Nh5 15. a4 a6 16. b4 Nxg3 17. hxg3 Rad8 18. Nb3 Nb6 19. dxe5 dxe5 20. a5 Na4 21. c4 Qe7 22. c5 Bc8 23. Nbd2 Be6 24. Nc4 Nxc5 25.
Rxd8 Rxd8 26. Ncxe5 Na4 27. Nxc6 Qc7 28. Rc1 Rc8 29. e5 Kh7 30. Nfd4 Bd5 31. f4 Bf8 32.
f5 Qd7 33. fxg6+ fxg6 34. Bd3 Bxb4 35. Bxg6+ Kh8 36. Bf5 Rxc6 37. Nxc6 Qxc6 38. Qxc6 Bxc6 39. Rxc6 Bxa5 40. Rxa6 Bc3 41. e6 Kg7 42. Ra7+ Kf6 43. Rf7+ Ke5 44. e7 Bd4+ 45. Kh2 1-0

[Event "*** Titled Tuesday Blitz"]
[Site "Chess.com"]
[Date "2021.03.02"]
[Round "10"]
[White "frankshar"]
[Black "shnitez"]
[Result "0-1"]
[WhiteElo "2343"]
[BlackElo "2500"]
[TimeControl "180+1"]
[EndTime "11:58:36 PST"]
[Termination "shnitez won by resignation"]

1. d4 Nf6 2. c4 e6 3. Nf3 b6 4. g3 Bb7 5. Bg2 Bb4+ 6. Bd2 c5 7.
Bxb4 cxb4 8. O-O O-O 9. a3 bxa3 10. Nxa3 Nc6 11. Nb5 d5 12. c5 bxc5 13. dxc5 Ne4 14. Rc1 Rb8 15. Nbd4 Ba8 16. Nxc6 Bxc6 17. Nd4 Ba8 18.
Qa4 Rxb2 19. c6 Qb6 20. c7 Nd6 21. Qd7 Nc8 22. Nf3 Bb7 23. Ne5 Qd6 24. Qxd6 Nxd6 25. Rb1 Rxb1 26. Rxb1 Rc8 27. Rc1 f6 28. Nd7 Kf7 29.
Nb8 Ke7 30. e3 g6 31. Bf1 a5 32. h3 a4 33. Ra1 Rxc7 34. Rxa4 Rc8 35. Na6 Bxa6 36. Rxa6 Rc7 37. Ra7 Rxa7 0-1

[Event "*** Titled Tuesday Blitz"]
[Site "Chess.com"]
[Date "2021.03.02"]
[Round "10"]
[White "MaxLeto"]
[Black "Grineva_Marianna"]
[Result "0-1"]
[WhiteElo "2409"]
[BlackElo "2261"]
[TimeControl "180+1"]
[EndTime "11:58:36 PST"]
[Termination "Grineva_Marianna won on time"]

1. g4 d5 2. Bg2 c6 3. g5 Nd7 4. d4 e5 5. dxe5 Nxe5 6. h4 h6 7. Qd4 Ng6 8. h5 N6e7 9. e4 Be6 10. Nc3 dxe4 11. Qxe4 hxg5 12. Bxg5 Qa5 13. Nf3 Nh6 14.
O-O-O Ng4 15. Qe2 Nf5 16. Bh3 Ngh6 17. Rd3 Bb4 18. Rhd1 O-O 19. a3 Bxc3 20. Rxc3 Rae8 21. Qd2 Bd5 22. Bxf5 Nxf5 23. Nd4 Nxd4 24. Qxd4 Qb6 25.
Qg4 Re4 26. f4 Qf2 27. Rf3 Qc5 28. Bf6 g6 29. hxg6 Re2 30. c3 Bxf3 31. Qh5 Qe3+ 32. Kb1 fxg6 33. Qh8+ Kf7 34. Qg7+ Ke6 35. Qe7+ Kf5 36.
Qd7+ Kxf4 37. Qd6+ Kf5 38. Rg1 Qe4+ 0-1

[Event "*** Titled Tuesday Blitz"]
[Site "Chess.com"]
[Date "2021.03.02"]
[Round "10"]
[White "Xeniya2005"]
[Black "Gerryisplaying"]
[Result "1-0"]
[WhiteElo "2346"]
[BlackElo "2228"]
[TimeControl "180+1"]
[EndTime "11:58:36 PST"]
[Termination "Xeniya2005 won by checkmate"]

1. e4 d5 2. exd5 Qxd5 3. Nc3 Qa5 4. Nf3 Nf6 5. Bc4 Bf5 6. d4 e6 7. Bd2 Bb4 8. a3 Bxc3 9. Bxc3 Qb6 10. Qd2 Nc6 11. O-O O-O 12. Bd3 Be4 13. Qe3 Bxd3 14. Qxd3 Rfd8 15. Rfe1 a5 16. b3 Ne7 17. Bb2 Nf5 18.
Qe2 h6 19. Rad1 c6 20. Rd3 Nd5 21. g3 a4 22. b4 Nd6 23. Ne5 f6 24. Ng6 Re8 25. Bc1 Kh7 26. Qh5 Nf5 27. c4 Nc7 28. Re4 Rad8 29. Nf4 Ne7 30. Nxe6 Nxe6 31. Rxe6 Rxd4 32.
Rxd4 Qxd4 33. Qxe8 Nf5 34. Re1 Qxc4 35. Qe4 Qb5 36.
g4 g6 37. gxf5 gxf5 38. Qf4 Kg6 39. Qxh6+ Kf7 40. Qh7+ Kf8 41. Bh6# 1-0

[Event "*** Titled Tuesday Blitz"]
[Site "Chess.com"]
[Date "2021.03.02"]
[Round "10"]
[White "FairChess_on_YouTube"]
[Black "Parhamov"]
[Result "0-1"]
[WhiteElo "2954"]
[BlackElo "2906"]
[TimeControl "180+1"]
[EndTime "11:58:37 PST"]
[Termination "Parhamov won by resignation"]

1. d4 Nf6 2. c4 e6 3. Nf3 d5 4. Nc3 Bb4 5. Qa4+ Nc6 6. e3 O-O 7. Bd2 Re8 8. Qc2 e5 9. dxe5 Nxe5 10. Nxe5 Rxe5 11. O-O-O Bf5 12. Bd3 Bxd3 13. Qxd3 c6 14. Kb1 Qe7 15. cxd5 Nxd5 16. f4 Nxc3+ 17. Bxc3 Rd5 18.
Qc4 Bxc3 19. Rxd5 cxd5 20. Qxc3 Qe4+ 21. Ka1 Qxg2 22. Rc1 h6 23. Qc7 Qd2 24. a3 Qxe3 25. Rc3 Qb6 26. Qe7 Qb5 27. Ka2 Re8 28. Qc7 d4 29. Rb3 Qf5 30. Rxb7 Qd5+ 31. Rb3 d3 32. Qb7 Qxb7 33. Rxb7 Rd8 34. Rb8 Rxb8 0-1

[Event "*** Titled Tuesday Blitz"]
[Site "Chess.com"]
[Date "2021.03.02"]
[Round "10"]
[White "Nayemhaque22"]
[Black "JoliyRoger"]
[Result "1-0"]
[WhiteElo "2325"]
[BlackElo "2448"]
[TimeControl "180+1"]
[EndTime "11:58:38 PST"]
[Termination "Nayemhaque22 won by checkmate"]

1. d4 Nf6 2. c4 e6 3. Nf3 Bb4+ 4. Nbd2 b6 5. g3 Bb7 6. Bg2 O-O 7. O-O Be7 8. b3 c5 9. Bb2 cxd4 10. Nxd4 Qc8 11.
e4 d6 12. Rc1 a6 13. Qe2 Nbd7 14. Rfd1 Qc7 15. h3 Rac8 16. f4 Rfe8 17. g4 Nc5 18.
g5 Nfd7 19. h4 Bf8 20. Rf1 e5 21. fxe5 Nxe5 22. Nf5 Ncd3 23. Rb1 Nxb2 24. Rxb2 b5 25. cxb5 Qb6+ 26. Kh2 axb5 27. Nf3 Ng4+ 28. Kg3 Bxe4 29. N5d4 Bxf3 30. Qxf3 Re3 31. Kxg4 Rxf3 32. Nxf3 d5 33. Re2 d4 34. Ne5 Rc7 35. Bd5 d3 36. Nxf7 Rd7 37.
Nh6+ Kh8 38. Rxf8# 1-0

[Event "*** Titled Tuesday Blitz"]
[Site "Chess.com"]
[Date "2021.03.02"]
[Round "10"]
[White "Stouuf"]
[Black "Arseniy_Nesterov"]
[Result "0-1"]
[WhiteElo "2611"]
[BlackElo "2784"]
[TimeControl "180+1"]
[EndTime "11:58:39 PST"]
[Termination "Arseniy_Nesterov won on time"]

1. e4 e5 2. Nf3 Nc6 3. Nc3 Nf6 4. Bb5 Bd6 5. a3 O-O 6. d3 Nd4 7. Bc4 c6 8. g4 Bc7 9. g5 Ne8 10. Rg1 b5 11. Ba2 a5 12. h4 b4 13. axb4 axb4 14.
Nxd4 exd4 15. Ne2 b3 16. cxb3 d5 17. h5 dxe4 18. g6 fxg6 19. hxg6 e3 20. fxe3 Qh4+ 21. Kd2 dxe3+ 22. Kc2 Nf6 23. b4+ Rxa2 24. Rxa2 Nd5 25. Kb1 Bf5 26. gxh7+ Qxh7 27. Nd4 Bxd3+ 28. Ka1 Qe4 29. Nxc6 e2 30. Qd2 Bf4 31. Qe1 Bxc1 32. Qxc1 Rf1 33. Ra8+ Kh7 34. Ka2 Rxc1 35. Rxc1 e1=Q 0-1

[Event "*** Titled Tuesday Blitz"]
[Site "Chess.com"]
[Date "2021.03.02"]
[Round "10"]
[White "AsaHoffmann"]
[Black "SergeyShtyka"]
[Result "0-1"]
[WhiteElo "2298"]
[BlackElo "2458"]
[TimeControl "180+1"]
[EndTime "11:58:39 PST"]
[Termination "SergeyShtyka won by resignation"]

1. d4 c5 2. dxc5 e5 3. Nc3 Bxc5 4. Ne4 Be7 5. Nd6+ Bxd6 6. Qxd6 Qe7 7. Qd2 Nf6 8. f3 d5 9. e3 O-O 10. c3 Nc6 11. Bd3 e4 12. Bc2 Bf5 13. f4 b5 14.
Ne2 b4 15. h3 h5 16. O-O h4 17.
Ba4 bxc3 18. bxc3 Rac8 19. Bxc6 Rxc6 20. Nd4 Bd7 21. Nxc6 Bxc6 22. a4 Qd7 23. Ba3 Rc8 24. a5 Bb5 25. Rf2 Bd3 26. Ra2 Qc6 27. Bb4 Nh5 28. Qe1 Ng3 29. Rfd2 Qc4 30. Ra1 Rc6 31. Rad1 Rg6 32. Rf2 Nf5 33. Kh2 Rg3 34. Rfd2 Rxe3 35. Qf2 a6 36. Re1 Rxe1 37. Qxe1 e3 38. Rb2 Qxf4+ 39. Kg1 e2 40. c4 dxc4 41. Rxe2 Bxe2 42. Qxe2 Qe3+ 43. Qxe3 Nxe3 44. Kf2 Nd5 45. Bd2 f6 46. Kf3 Kf7 47. Kg4 g5 48. g3 hxg3 49. Kxg3 c3 50. Bc1 Nb4 0-1

[Event "*** Titled Tuesday Blitz"]
[Site "Chess.com"]
[Date "2021.03.02"]
[Round "10"]
[White "cukin84"]
[Black "Kaslask"]
[Result "0-1"]
[WhiteElo "2142"]
[BlackElo "2290"]
[TimeControl "180+1"]
[EndTime "11:58:39 PST"]
[Termination "Kaslask won by resignation"]

1. e4 c5 2. Nc3 Nc6 3. Bb5 g6 4. Bxc6 bxc6 5. d3 Bg7 6. f4 d6 7.
Nf3 Nh6 8. O-O f5 9. Qe1 O-O 10. e5 Nf7 11. e6 Nh8 12. b3 Rf6 13. Bb2 Rxe6 14. Qh4 h6 15. Na4 Re2 16. Bxg7 Kxg7 17. Rae1 Re6 18. Rxe6 Bxe6 19. Re1 Qd7 20. d4 Re8 21.
dxc5 Bd5 22. Qg3 Nf7 23. Nh4 Nh8 24. cxd6 exd6 25. Rxe8 Qxe8 26. Nxf5+ Kh7 27. Nxd6 Qe2 28. h4 Qxc2 29. f5 Qxa2 30. fxg6+ Nxg6 31. h5 Nf4 32. Kh2 Qxg2+ 33. Qxg2 Nxg2 34. Nc5 Nf4 35. Nc8 a5 36.
Ne7 Nxh5 37. Nxd5 cxd5 38. Nb7 Nf6 39. Nxa5 Ne4 40. Nc6 Nc3 41. b4 Nb5 42. Ne7 d4 43. Nf5 Kg6 44. Ng3 Kg5 45. Kg2 Kf4 46. Ne2+ Ke3 47.
Nxd4 Kxd4 48. Kg3 Nd6 49. Kh4 Nf7 50. Kh5 Kc4 51. b5 Kxb5 52. Kg6 Kc6 53. Kh5 Kd6 54. Kh4 Ke6 0-1

[Event "*** Titled Tuesday Blitz"]
[Site "Chess.com"]
[Date "2021.03.02"]
[Round "10"]
[White "PavelChernomordik"]
[Black "Fraler15"]
[Result "1-0"]
[WhiteElo "2376"]
[BlackElo "2268"]
[TimeControl "180+1"]
[EndTime "11:58:40 PST"]
[Termination "PavelChernomordik won on time"]

1. e4 c5 2. Nc3 Nc6 3. Bb5 Nd4 4. Bc4 e6 5. Nge2 Nf6 6. O-O a6 7. a4 d5 8. exd5 exd5 9. Ba2 Be7 10. Nf4 Be6 11.
Nce2 Nxe2+ 12. Qxe2 Bg4 13. f3 Bf5 14. Re1 Qd6 15.
Nxd5 Nxd5 16. Bxd5 O-O 17. c4 Bf6 18. d3 Bd4+ 19.
Kh1 Qd7 20. Bf4 Rae8 21. Qd2 Rxe1+ 22. Rxe1 Re8 23. Be4 Bxe4 24. fxe4 Qxa4 25. g3 Qc6 26. Be3 Be5 27. Qf2 b6 28. Rf1 Qd7 29. b3 g6 30.
Kg2 Bg7 31. b4 cxb4 32. Bxb6 Rb8 33. c5 Qxd3 34. Qxf7+ Kh8 35. Qd5 Qc2+ 36. Rf2 Qc3 37. Bc7 Rc8 38. Qd7 Ra8 39. c6 Qd4 40. Qxd4 Bxd4 41.
Rd2 Rc8 42. Rxd4 Rxc7 43. Rd8+ Kg7 44. Rd7+ 1-0

[Event "*** Titled Tuesday Blitz"]
[Site "Chess.com"]
[Date "2021.03.02"]
[Round "10"]
[White "KetiGrant"]
[Black "KRSilva"]
[Result "1-0"]
[WhiteElo "2355"]
[BlackElo "2231"]
[TimeControl "180+1"]
[EndTime "11:58:40 PST"]
[Termination "KetiGrant won by checkmate"]

1. e4 c5 2. Nf3 d6 3. Bb5+ Nd7 4. O-O a6 5. Bd3 g6 6. c3 Bg7 7. Bc2 b5 8. d4 Bb7 9. Re1 Qc7 10. Nbd2 e5 11. d5 Ngf6 12. c4 h6 13. b3 O-O 14.
Bb2 Nh5 15. g3 Qd8 16. Nh4 Kh7 17. Nf5 Bf6 18. Nxd6 Rb8 19. Nxb7 Rxb7 20. Bd3 Bg7 21. Be2 Nhf6 22. Bf1 Ne8 23. Qc2 Nd6 24. Bg2 Qb8 25. Bc3 b4 26. Bb2 Qd8 27. Rf1 f5 28.
exf5 gxf5 29. g4 Kh8 30. gxf5 Nxf5 31. Kh1 Nh4 32. Be4 Qg5 33. Rg1 Qh5 34. f3 Nf6 35.
Raf1 Nxe4 36. Qxe4 Rbf7 37. Rxg7 Kxg7 38. Bxe5+ Rf6 39. Rg1+ Kh8 40. Qf4 Nf5 41. Ne4 Kh7 42. Nxf6+ Rxf6 43. Bxf6 Qh3 44. Qc7+ Ng7 45. Qxg7# 1-0

[Event "*** Titled Tuesday Blitz"]
[Site "Chess.com"]
[Date "2021.03.02"]
[Round "10"]
[White "ApoIogiA"]
[Black "WiktoriaPOL"]
[Result "1-0"]
[WhiteElo "2194"]
[BlackElo "2028"]
[TimeControl "180+1"]
[EndTime "11:58:40 PST"]
[Termination "ApoIogiA won by checkmate"]

1. d4 d5 2. c4 e5 3. dxe5 d4 4.
Nf3 Nc6 5. g3 Nge7 6. Bg2 Ng6 7.
O-O Ngxe5 8. b3 Nxf3+ 9. Bxf3 Be7 10. Bb2 Bf6 11. Nd2 O-O 12. Ne4 Be5 13. Qd2 f5 14. Nc5 Kh8 15. Bxc6 bxc6 16. e3 f4 17.
exf4 Bd6 18. Qxd4 Rf7 19. Rad1 Bh3 20. Rfe1 Qc8 21. Ne4 Qg4 22. Ng5 Rd7 23. Nxh3 Qxh3 24. c5 Rad8 25. cxd6 cxd6 26. Qxd6 Rxd6 27. Rxd6 Rg8 28.
Re7 Qg4 29. Rdd7 h6 30. Rxa7 h5 31. Bxg7+ Rxg7 32. Rxg7 Qd1+ 33. Kg2 Qd5+ 34. Kh3 Qf3 35. Rh7+ Kg8 36. Rhg7+ Kf8 37. Kh4 Ke8 38. Rg8# 1-0

[Event "*** Titled Tuesday Blitz"]
[Site "Chess.com"]
[Date "2021.03.02"]
[Round "10"]
[White "profofchess"]
[Black "frederiksvane"]
[Result "1/2-1/2"]
[WhiteElo "2481"]
[BlackElo "2657"]
[TimeControl "180+1"]
[EndTime "11:58:45 PST"]
[Termination "Game drawn by stalemate"]

1. e4 c5 2. Nf3 g6 3. d4 cxd4 4. Qxd4 Nf6 5. Nc3 Nc6 6. Qa4 d6 7. e5 dxe5 8. Nxe5 Bg7 9. Bb5 O-O 10. Nxc6 bxc6 11. Bxc6 Bd7 12. Bxd7 Nxd7 13. O-O Nb6 14. Qh4 Bxc3 15. bxc3 Qc7 16. Bh6 Rfd8 17. Rfe1 f6 18. Qe4 e5 19. Rad1 Rxd1 20. Rxd1 Rd8 21. Rxd8+ Qxd8 22. h4 Kf7 23. Qb7+ Qe7 24. Qxe7+ Kxe7 25. Be3 Kd6 26.
c4 Kc6 27. Kf1 a5 28. Bxb6 Kxb6 29. Ke2 Kc5 30. Kd3 a4 31. g4 f5 32. gxf5 gxf5 33.
f3 h5 34. a3 e4+ 35. fxe4 fxe4+ 36. Kxe4 Kxc4 37. Ke5 Kc3 38. Kd5 Kb2 39. Kc4 Kxa3 40. Kb5 Kb2 41. Kxa4 Kxc2 42. Kb4 Kd3 43. Kb3 Ke4 44. Kc3 Kf3 45. Kd2 Kg3 46. Ke1 Kxh4 47. Kf1 Kg3 48. Kg1 Kh3 49. Kh1 Kg4 50. Kg1 Kf4 51.
Kh1 Kg5 52. Kg1 Kh4 53. Kh1 Kg3 54. Kg1 h4 55. Kh1 h3 56. Kg1 h2+ 57. Kh1 Kh3 1/2-1/2

[Event "*** Titled Tuesday Blitz"]
[Site "Chess.com"]
[Date "2021.03.02"]
[Round "10"]
[White "Galiev_Azat"]
[Black "Ekose"]
[Result "0-1"]
[WhiteElo "2402"]
[BlackElo "2535"]
[TimeControl "180+1"]
[EndTime "11:58:45 PST"]
[Termination "Ekose won on time"]

1. d4 Nf6 2. Bf4 e6 3. e3 c5 4. c3 Nc6 5. Nd2 d5 6. Bd3 Bd6 7. Bg3 Qe7 8. f4 b6 9. Ngf3 Bb7 10. O-O O-O 11. Bh4 Qd8 12. Ne5 Be7 13. Rf3 Nxe5 14. fxe5 Ne4 15. Bxe7 Qxe7 16. Rh3 f5 17. exf6 Rxf6 18.
Bxe4 dxe4 19. Qg4 Rg6 20. Qh4 Qxh4 21. Rxh4 cxd4 22. cxd4 Rc8 23. Nxe4 Rc2 24. g3 Rxb2 25. Rc1 Bxe4 26. Rxe4 Rxa2 27. Rc7 Rf6 28. Re7 b5 29.
Rb7 a6 30. Rb6 h6 31. Rexe6 Rff2 32. Rb8+ Kh7 33. Re4 Rg2+ 34. Kf1 Rxh2 35. Kg1 Rhg2+ 36. Kf1 Rgc2 0-1

[Event "*** Titled Tuesday Blitz"]
[Site "Chess.com"]
[Date "2021.03.02"]
[Round "10"]
[White "kamilianin235"]
[Black "pfalcon1949"]
[Result "1-0"]
[WhiteElo "2189"]
[BlackElo "2024"]
[TimeControl "180+1"]
[EndTime "11:58:45 PST"]
[Termination "kamilianin235 won by checkmate"]

1. e4 c5 2. Nf3 Nc6 3. Bb5 Nd4 4. Nxd4 cxd4 5. c3 a6 6. Be2 b5 7. cxd4 Bb7 8. d3 d5 9. e5 g6 10. O-O Bg7 11. f4 e6 12. Nc3 Ne7 13. Be3 O-O 14. a4 b4 15. Na2 Qb6 16. Nc1 Nf5 17. Bf2 Nxd4 18. Kh1 f6 19. exf6 Bxf6 20. Nb3 e5 21. Nxd4 exd4 22. Qb3 a5 23. Bf3 Rad8 24. Rfe1 Kg7 25.
Re2 Rfe8 26. Rd1 Rxe2 27. Bxe2 Bc6 28. Bf3 Qb7 29. Ra1 Qd7 30. Qc2 h5 31. b3 h4 32.
Rc1 Rc8 33. Qc5 h3 34. Bxd4 hxg2+ 35. Bxg2 Bxd4 36. Qxd4+ Kh7 37. Qc5 Re8 38. h3 d4 39.
Qxc6 Qxc6 40. Bxc6 Re3 41. Be4 Rxh3+ 42. Kg2 Re3 43.
Kf2 Kg7 44. Re1 Rh3 45. Kg2 Rh5 46. Kg3 Kf6 47. Rh1 Rc5 48. Rh6 Rc3 49. Rxg6+ Kf7 50.
Rg5 Kf6 51. Rxa5 Rxb3 52. Rb5 Rb1 53. a5 b3 54. a6 b2 55. Kg2 Ra1 56. Rxb2 Rxa6 57.
Kg3 Ra3 58. Rh2 Kg7 59. Kg4 Kf6 60. Rh6+ Kg7 61. Rg6+ Kf7 62. Rb6 Ra5 63. f5 Ra4 64. Kg5 Ke7 65. f6+ Kf7 66. Bd5+ Kf8 67. Rb8# 1-0

[Event "*** Titled Tuesday Blitz"]
[Site "Chess.com"]
[Date "2021.03.02"]
[Round "10"]
[White "Witik"]
[Black "Yaryi_sergey"]
[Result "0-1"]
[WhiteElo "2684"]
[BlackElo "2498"]
[TimeControl "180+1"]
[EndTime "11:58:46 PST"]
[Termination "Yaryi_sergey won by resignation"]

1. e4 c6 2. d4 Na6 3. c3 Nc7 4. Bd3 g6 5. h4 h5 6. Nd2 d5 7. Ne2 Nh6 8. f3 Bg7 9. Nb3 dxe4 10. Bxe4 Nf5 11. Bd2 e5 12. dxe5 Nxh4 13. f4 f5 14.
exf6 Bxf6 15. Qc2 Bf5 16. O-O-O Qe7 17. Ng3 O-O-O 18. Bxf5+ Nxf5 19. Nxf5 gxf5 20. Qxf5+ Qe6 21. Rxh5 Rxh5 22. Qxh5 Qe4 23. Qg4+ Kb8 24. Re1 Qd3 25. Qe2 Qd5 26. g4 a5 27. Qe4 Qg8 28. g5 Re8 29.
Qc2 Rxe1+ 30. Bxe1 Be7 31. Kb1 a4 32. Nd4 a3 33. b3 Nd5 34. Bd2 Qh8 35. Qe4 Qh3 36.
Kc2 Qf1 37. g6 Bf6 38. Qe8+ Ka7 39. Nxc6+ bxc6 40. Qxc6 Qf3 41. Qc5+ Kb7 42. Qxa3 Qe4+ 43. Kc1 Qh1+ 44. Kb2 Qg2 45. Kc1 Qf1+ 46. Kc2 Qe2 47. Qa4 Ne3+ 48. Kc1 Qd1+ 49. Kb2 Qxd2+ 50. Ka3 Nc2+ 51.
Kb2 Nd4+ 52. Ka3 Be7+ 0-1

[Event "*** Titled Tuesday Blitz"]
[Site "Chess.com"]
[Date "2021.03.02"]
[Round "10"]
[White "Nuvas"]
[Black "organdzievhren"]
[Result "1-0"]
[WhiteElo "2554"]
[BlackElo "2441"]
[TimeControl "180+1"]
[EndTime "11:58:46 PST"]
[Termination "Nuvas won by resignation"]

1. d4 d5 2. c4 Bf5 3. cxd5 Bxb1 4. Rxb1 Qxd5 5. e3 Nc6 6. Nf3 O-O-O 7. Qc2 e5 8. Bc4 Bb4+ 9. Kf1 Qd6 10. a3 Ba5 11. b4 Bb6 12. d5 Nce7 13. Bb2 f6 14. Ke2 Nh6 15. Rhd1 Kb8 16. Kf1 e4 17. Qxe4 Rhe8 18. Qe6 Nef5 19. Qxd6 Nxd6 20. Bb3 Nhf5 21. Nd4 Nxd4 22.
Bxd4 Bxd4 23. Rxd4 Nb5 24. Rd3 Nxa3 25. Ra1 Nb5 26.
Ba4 c6 27. Bxb5 cxb5 28. Rd4 f5 29. Rc1 Re5 30. Rcd1 Rd6 31. Ke2 b6 32. f3 a5 33. e4 fxe4 34. fxe4 a4 35. Ke3 g5 36. h4 h6 37. hxg5 hxg5 38. R4d2 Kb7 39. Kd4 Ree6 40. e5 Rd8 41. d6 Ree8 42. Kd5 a3 43. e6 Ra8 44. d7 Red8 45. Kd6 Rh8 46. Rc2 Rh6 47.
Rc7+ Ka6 48. Ra1 1-0

[Event "*** Titled Tuesday Blitz"]
[Site "Chess.com"]
[Date "2021.03.02"]
[Round "10"]
[White "CraiggoryC"]
[Black "Das_Virus_2020"]
[Result "0-1"]
[WhiteElo "2258"]
[BlackElo "2436"]
[TimeControl "180+1"]
[EndTime "11:58:47 PST"]
[Termination "Das_Virus_2020 won by resignation"]

1. e4 e6 2. d4 d5 3. e5 c5 4. c3 Nc6 5. Nf3 Qb6 6. a3 c4 7.
Nbd2 Na5 8. g3 Bd7 9. Bg2 h6 10. h4 Ne7 11. O-O O-O-O 12. Rb1 Nec6 13. Re1 Kb8 14.
b4 cxb3 15. Nxb3 Nxb3 16. Rxb3 Qc7 17. Rb1 Na5 18. Qd3 Rc8 19. Bd2 Nc4 20. h5 Be7 21. Bf4 Ka8 22. Bf1 Nxa3 23. Rb3 Nc4 24. Reb1 Na5 25.
R3b2 Nc4 26. Rb3 b6 27. Ra1 Na5 28. Rb2 Qxc3 29. Qxc3 Rxc3 30. Kg2 Rc7 31. Bd2 Nc4 32. Bxc4 Rxc4 33. Rxb6 Rb8 34. Rba6 Rb7 35. Be3 Bb5 36.
R6a2 Kb8 37. Nd2 Rc3 38. Rb2 Bd3 39. Rxb7+ Kxb7 40. Nf3 Be4 41. Re1 a5 42. g4 a4 43.
Kg3 Bxf3 44. Kxf3 a3 45. Ra1 Kb6 46. Ke2 Kb5 47. Bc1 Kc4 48. Bd2 Rc2 49. Rc1 Rxc1 50. Bxc1 Kb3 51. Kd3 a2 0-1

[Event "*** Titled Tuesday Blitz"]
[Site "Chess.com"]
[Date "2021.03.02"]
[Round "10"]
[White "anskam"]
[Black "suneebaker"]
[Result "0-1"]
[WhiteElo "1773"]
[BlackElo "2152"]
[TimeControl "180+1"]
[EndTime "11:58:49 PST"]
[Termination "suneebaker won on time"]

1. e4 e6 2. d4 d5 3. Nc3 Nf6 4. e5 Nfd7 5. f4 c5 6. Nf3 Nc6 7. Be3 h6 8. Qd2 g5 9. O-O-O g4 10.
Ng1 cxd4 11. Bxd4 Nxd4 12. Qxd4 Bc5 13. Qd2 a6 14. Be2 b5 15. Bxg4 Qb6 16. Kb1 Bb7 17.
Nf3 Be3 18. Qd3 Bxf4 19. Rde1 h5 20. Bh3 O-O-O 21. Rhf1 Bh6 22. Nd4 Nc5 23. Qd1 b4 24.
Nce2 Rd7 25. Rf3 Kb8 26. Ref1 Ne4 27. Rd3 Rc8 28. Nb3 a5 29. Ned4 Ba6 30. Rdf3 a4 31.
Rxf7 Rxf7 32. Rxf7 axb3 33. axb3 Nd2+ 34. Kc1 Nxb3+ 35.
Kb1 Nxd4 36. Rh7 Be3 37. Rxh5 Be2 38. Qe1 Bxh5 0-1

[Event "*** Titled Tuesday Blitz"]
[Site "Chess.com"]
[Date "2021.03.02"]
[Round "10"]
[White "woodhy"]
[Black "Abund"]
[Result "1-0"]
[WhiteElo "2478"]
[BlackElo "2640"]
[TimeControl "180+1"]
[EndTime "11:58:51 PST"]
[Termination "woodhy won by resignation"]

1. e4 c5 2. Nf3 d6 3. d4 cxd4 4. Nxd4 Nf6 5. f3 e5 6. Nb3 d5 7.
exd5 Qxd5 8. Bd3 Bb4+ 9. N1d2 O-O 10. O-O Nc6 11. Nc4 Be6 12. Qe2 Bc5+ 13. Nxc5 Qxc5+ 14. Kh1 Nd4 15. Qxe5 Rac8 16. Qxc5 Rxc5 17. Be3 Rxc4 18. Bxc4 Nxc2 19. Bxe6 fxe6 20. Bxa7 Nxa1 21. Rxa1 Nd5 22. a3 Rc8 23. b4 b5 24. Bc5 Ra8 25. Kg1 Kf7 26.
Kf2 g5 27. g3 Kf6 28. Ke2 Kf5 29. Kd3 h5 30. Kd4 Rd8 31. g4+ hxg4 32. fxg4+ Kxg4 33. Ke5 Nf4 34. Rg1+ Kh5 35. Rxg5+ Kxg5 36. Be7+ Kg4 37.
Bxd8 Nd3+ 38. Kxe6 Ne1 39. Kd5 Nc2 40. Kc5 Nxa3 41.
Bc7 Kh3 42. Bd6 Kg4 43. Be5 Kh3 44. Bf4 Kg4 45. Bc1 Nc2 46. Kxb5 Kh3 47. Bf4 Nd4+ 48.
Kc4 Ne2 49. Bg3 Kg4 50. b5 Kf5 51. b6 Ke6 52. b7 Nxg3 53. hxg3 1-0